 Dungeon Crawl Stone Soup version 0.30-a0-1160-g6e42c06 (webtiles) character file.

Game seed: 14716303561777645347

346 Dorkslayer the Shield-Bearer (level 6, -1/38 HPs)
             Began as a Gargoyle Fighter on Apr 25, 2023.
             Killed from afar by an orc wizard (7 damage)
             ... with a magic dart
             ... on level 4 of the Dungeon.
             The game lasted 00:05:46 (2600 turns).

Dorkslayer the Shield-Bearer (Gargoyle Fighter)     Turns: 2600, Time: 00:05:47

Health: -1/38      AC: 13    Str: 19    XL:     6   Next: 59%
Magic:  6/6        EV:  8    Int:  9    God:
Gold:   115        SH:  0    Dex: 11    Spells: 5/5 levels left

rFire   . . .        a - +0 war axe
rCold   . . .        c - +0 buckler
rNeg    + . .        m - +0 chain mail
rPois   ∞            (no helmet)
rElec   +            (no cloak)
rCorr   .            (no gloves)
SInv    .            (no boots)
Will    .....        (no amulet) Stlth
                     (no ring)
HPRegen 0.26/turn    (no ring)
MPRegen 0.10/turn

%: no passive effects
@: confused, mighty, ambrosia-drunk
A: sickness immunity, AC +4, negative energy resistance 1, electricity
resistance, torment resistance 1, petrification resistance
a: no special abilities


You were on level 4 of the Dungeon.
You visited 1 branch of the dungeon, and saw 4 of its levels.

You collected 115 gold pieces.

Inventory:

Hand Weapons
 a - a +0 war axe (weapon)
Missiles
 s - 3 javelins (quivered)
 v - a throwing net
Armour
 c - a +0 buckler (worn)
 m - a +0 chain mail (worn)
Scrolls
 b - a scroll of fog {unknown}
 h - a scroll of immolation {unknown}
 i - a scroll of magic mapping {unknown}
 l - a scroll of vulnerability {unknown}
 n - 2 scrolls of teleportation {unknown}
 o - a scroll of butterflies {unknown}
 u - a scroll of amnesia {unknown}
Potions
 d - 3 potions of might
 e - a potion of brilliance
 f - a potion of resistance
 j - 3 potions of curing
 q - a potion of invisibility {unknown}
 r - 2 potions of magic
 t - a potion of flight {unknown}


   Skills:
 + Level 4.2 Fighting
 + Level 3.8 Axes
 + Level 4.3 Armour
 * Level 2.0 Dodging
 + Level 4.4 Shields


You had 5 spell levels left.
You didn't know any spells.
Your spell library contained the following spells:

 Spells                   Type           Power      Damage    Failure   Level
 Call Canine Familiar     Summ           0%         N/A       100%        3
 Portal Projectile        Hex/Tloc       0%         N/A       100%        3
 Leda's Liquefaction      Hex/Erth       0%         N/A       100%        4


Dungeon Overview and Level Annotations

Branches:
Dungeon (4/15)
 Temple: D:4-7

Altars:

Shops:
D:2 ?[(*   D:4 [


Innate Abilities, Weirdness & Mutations

You are immune to sickness and miasma.
Your stone body is resilient. (AC +4)
You are immune to poison.
You resist negative energy. (rN+)
You are resistant to electric shocks. (rElec)
You are resistant to unholy torment.
You are immune to petrification.


Message History

The puff of flame misses you.
The orc wizard hits you with a +0 dagger.
* * * LOW HITPOINT WARNING * * *
Unknown command.
You closely miss the orc priest.
The orc priest is moderately wounded.
You barely miss the orc wizard. You closely miss something.
You hit the black bear. The black bear bites you.
The black bear claws you but does no damage. x2
The orc priest hits you with a +0 whip.
* * * LOW HITPOINT WARNING * * *
You hear some strange, mumbled words.
A puff of flame appears from out of thin air!
The puff of flame hits you but does no damage.
The orc wizard gestures at you while chanting.
You are more confused.
You bump into the rock wall.
The black bear goes berserk!
You hear some strange, mumbled words.
Something tries to affect you, but you resist.
The orc priest hits you but does no damage.
The orc wizard hits you with a +0 dagger.
Unknown command.
You closely miss the orc priest.
The orc priest is moderately wounded.
You barely miss the orc wizard. You miss something.
You closely miss the black bear.
The black bear bites you but does no damage.
The black bear claws you but does no damage.
The black bear claws you.
The orc priest hits you but does no damage.
The orc wizard hits you but does no damage.
Something hits you. The black bear bites you!
* * * LOW HITPOINT WARNING * * *
The black bear closely misses you.
The black bear claws you but does no damage.
Something hits you.
* * * LOW HITPOINT WARNING * * *
The orc wizard gestures at you while chanting.
The magic dart hits you!
You die...

#. #...# #.... #. #...#
#.... #. #...# ###.# ..
#...####### #.# #
#.........# #.#
#.######...#####.###.#
..#.....†...........#..#
......o{h.............#
##..Ko@..............#
....######......∩..#..##
.## #...#.##.......
#...#.#####†<.#
#...#.#####.#.#
###...#†..[...#.#
#......########.#
#.#....########.# #
#.............#


You could see a black bear (berserk), an orc priest, an orc wizard and a kobold.

Vanquished Creatures
  A howler monkey (D:4)
  2 hounds (D:4)
  Natasha (thrice) (D:3)
  An orc wizard (D:4)
  4 gnolls (D:4)
  2 adders
  3 worms (D:2)
  2 dart slugs
  An orc (D:4)
  5 endoplasms
  2 giant cockroaches
  9 goblins
  8 hobgoblins
  6 jackals
  9 kobolds
  3 quokkas
  8 ball pythons
  5 bats
  4 frilled lizards
  7 rats
85 creatures vanquished.

Vanquished Creatures (others)
  2 fungi (D:2)
  2 plants (D:2)
4 creatures vanquished.

Grand Total: 89 creatures vanquished

Notes
Turn   | Place    | Note
-------+----------+-------------------------------------------
     0 | D:1      | Dorkslayer the Gargoyle Fighter began the quest for the
                  | Orb.
     0 | D:1      | Reached XP level 1. HP: 14/14 MP: 1/1
   126 | D:1      | Reached XP level 2. HP: 15/19 MP: 2/2
   320 | D:1      | Reached XP level 3. HP: 20/23 MP: 3/3
   703 | D:2      | Found Paxac's Assorted Antiques.
   732 | D:2      | Reached skill level 1 in Dodging
   791 | D:2      | Reached XP level 4. HP: 22/29 MP: 4/4
   821 | D:2      | Found Amimnior's Armour Shop.
   883 | D:2      | Found Garear's Magic Scroll Shoppe.
  1008 | D:2      | Found a faded altar of an unknown god.
  1191 | D:2      | Found Raarogul's Antique Weapon Shoppe.
  1288 | D:3      | Noticed Natasha
  1297 | D:3      | Killed Natasha
  1298 | D:3      | Reached XP level 5. HP: 28/33 MP: 5/5
  1325 | D:3      | Noticed Natasha
  1336 | D:3      | Killed Natasha
  1339 | D:3      | Noticed Natasha
  1351 | D:3      | Killed Natasha
  2134 | D:4      | Found Norgh's Armour Emporium.
  2174 | D:4      | Reached XP level 6. HP: 26/38 MP: 6/6
  2587 | D:4      | Noticed a black bear
  2600 | D:4      | Killed from afar by an orc wizard

Illustrated notes

Levels and vault maps discovered:
D:1:      nagdon_arrival_double_spiral, layout_loops_ring
D:2:      layout_basic, shapermc_ecumenical_altar_acropolis, serial_shops, shop,
          shop, shop, shop, wander_ebering_terrifying_dragon_lair
D:3:      layout_loops_corners, minivault_19, chequers_jeans, uniq_natasha
D:4:      layout_loops_cross, serial_shops, shop

Skill      XL: |  1  2  3  4  5  6 |
---------------+-------------------+-----
Axes           | 2 3 |  3.8
Dodging        | 1 2 |  2.0
Fighting       | 4 |  4.2
Shields        | 4 |  4.4
Armour         | 4 |  4.3

Action                     |  1- 3 |  4- 6 || total
---------------------------+-------+-------++-------
  Melee: War axe           |   119 |   127 ||   246
    Use: Scroll            |       |     5 ||     5
         Potion            |       |     2 ||     2
 Armour: Scale mail        |    51 |       ||    51
         Chain mail        |    25 |    99 ||   124
  Dodge: Dodged            |    66 |    58 ||   124
  Block: Buckler           |    29 |    40 ||    69

Table legend: (Time is in decaauts)
 A = Elapsed time spent in this place.
 B = Non-inter-level travel time spent in this place.
 C = Inter-level travel time spent in this place.
 D = Time resting spent in this place.
 E = Time spent auto-exploring this place.
 F = Levels seen in this place.
 G = Mean time per level.
                   A        B        C        D        E       F      G
               +--------+--------+--------+--------+--------+-----+--------+
         Total |   2705 |   2705 |      0 |      0 |   1708 |   4 |  676.2 |
       Dungeon |   2705 |   2705 |      0 |      0 |   1708 |   4 |  676.2 |
               +--------+--------+--------+--------+--------+-----+--------+

Top non-repeatable levels by time:
     D:3: 902 daAuts
     D:2: 674 daAuts
     D:1: 646 daAuts
     D:4: 481 daAuts
